Map: Ephemeron LE

Players

Dellan - Winner!

  • Race: Protoss Protoss
  • League: Bronze
  • Spawn Location: 5:00

VOD

Have the link to the VOD?

Description

Time

  • Played on: Dec. 15, 2019, 12:05 p.m.
  • Length: 9:32
Show
View Real Time Build Order
Export as new Build Order

Dellan Protoss - Winner!

Build Orders: 1 Gate Expand, Double Forge, Archon Immortal 

Get SALT Encoding   

  12  0:01  Probe  
  12  0:13  Probe  
  12  0:25  Probe  
  12  0:28  Pylon  
  12  0:46  Probe (Chrono Boost), Gateway  
  12  0:56  Assimilator  
  12  0:58  Probe (Chrono Boost)  
  12  1:06  Probe (Chrono Boost)  
  12  1:12  Probe  
  12  1:24  Probe  
  12  1:32  Nexus  
  12  1:37  Probe  
  12  1:42  Cybernetics Core  
  12  1:49  Probe  
  12  1:51  Assimilator  
  12  2:01  Probe  
  12  2:16  Pylon  
  12  2:18  Warp Gate  
  12  2:27  Pylon  
  12  2:34  Adept, Probe  
  12  2:35  Robotics Facility  
  12  2:44  Probe  
  12  2:46  Probe  
  12  2:50  Shield Battery  
  12  2:56  Probe  
  12  2:58  Probe  
  12  3:08  Probe  
  12  3:10  Probe  
  12  3:13  Gateway x2  
  12  3:20  Probe  
  12  3:22  Observer  
  12  3:28  Probe  
  12  3:29  Twilight Council  
  12  3:36  Probe  
  12  3:40  Forge  
  12  3:44  Forge  
  12  3:45  Probe  
  12  3:49  Probe  
  12  4:00  Immortal  
  12  4:04  Probe x2  
  12  4:07  Assimilator  
  12  4:11  Assimilator  
  12  4:16  Pylon  
  12  4:17  Probe x2  
  12  4:29  Probe x2  
  12  4:41  Probe x2  
  12  4:45  Nexus  
  12  4:51  Immortal  
  12  4:53  Probe  
  12  4:55  Probe  
  12  5:05  Probe  
  12  5:07  Probe  
  12  5:15  Gateway x2  
  12  5:20  Gateway  
  12  5:21  Gateway  
  12  5:22  Gateway  
  12  5:26  Gateway  
  12  5:34  Probe x2  
  12  5:45  Pylon  
  12  5:46  Probe x2  
  12  5:49  Pylon  
  12  5:52  Pylon  
  12  5:56  Immortal (Chrono Boost)  
  12  5:58  Probe  
  12  6:03  Templar Archives  
  12  6:08  Probe x2  
  12  6:10  Charge (Chrono Boost)  
  12  6:18  Probe  
  12  6:20  Probe x2  
  12  6:26  Immortal (Chrono Boost)  
  12  6:30  Protoss Ground Armor Level 1, Probe, Protoss Ground Weapons Level 1  
  12  6:32  Probe  
  12  6:33  Probe  
  12  6:40  High Templar  
  12  6:41  High Templar x5  
  12  6:42  Probe  
  12  6:44  Assimilator  
  12  6:46  Assimilator  
  12  6:47  Zealot x2  
  12  6:57  Probe x3  
  12  7:01  Archon x2  
  12  7:02  Archon  
  12  7:10  Pylon x2  
  12  7:13  Pylon  
  12  7:15  High Templar  
  12  7:28  Immortal, High Templar, Probe x3  
  12  7:29  High Templar  
  12  7:30  Zealot x2  
  12  7:33  Zealot x3  
  12  7:37  Pylon  
  12  7:38  Pylon  
  12  7:40  Pylon  
  12  7:42  Pylon  
  12  7:48  High Templar  
  12  7:49  Archon  
  12  7:52  Archon  
  12  7:55  High Templar x2  
  12  7:56  Zealot  
  12  7:57  Zealot x2  
  12  8:02  Zealot  
  12  8:03  Zealot  
  12  8:05  Archon  
  12  8:07  Immortal  
  12  8:14  Probe x3  
  12  8:17  High Templar  
  12  8:22  High Templar  
  12  8:23  Zealot x2  
  12  8:27  Nexus, Archon  
  12  8:28  Zealot x2  
  12  8:32  Pylon  
  12  8:33  Pylon  
  12  8:34  Pylon x2  
  12  8:35  Pylon  
  12  8:36  Pylon  
  12  8:50  Immortal, High Templar x2  
  12  8:52  Zealot x5  
  12  8:56  Archon  
  12  8:57  Probe x3  
  12  9:00  High Templar  
  12  9:09  Probe x3  
  12  9:18  High Templar  
  12  9:19  High Templar  
  12  9:21  Zealot x3, Pylon  
  12  9:23  Assimilator  
  12  9:25  High Templar  
  12  9:26  Zealot  
  12  9:27  Archon  
  12  9:28  Assimilator  
Tags
 
Add a new tag
Caveats
  • Supply blocks, unpowered buildings, or Contaminate may cause inaccurate times.
  • Supply counts are checked every 10 seconds.